 Dungeon Crawl Stone Soup version 0.22-a0-441-gcf5b0c6 (webtiles) character file.

1041 mdw9602 the Cleaver (level 8, -2/66 HPs)
             Began as a Minotaur Berserker on May 30, 2018.
             Was a Priest of Trog.
             Slain by a bog mummy (10 damage)
             ... in an ossuary.
             The game lasted 00:18:12 (2184 turns).

mdw9602 the Cleaver (Minotaur Berserker)            Turns: 2184, Time: 00:18:15

Health: -2/66      AC: 11    Str: 23    XL:     8   Next: 4%
Magic:  7/7        EV:  6    Int:  4    God:    Trog [***...]
Gold:   99         SH:  3    Dex: 11    Spells: 7/7 levels left

rFire    . . .     SeeInvis .   l - +4 hand axe
rCold    + . .     Gourm    .   m - +0 buckler
rNeg     . . .     Faith    .   j - +0 plate armour
rPois    .         Spirit   .   (helmet restricted)
rElec    .         Reflect  .   (no cloak)
rCorr    .         Harm     .   (no gloves)
MR       .....                  (no boots)
Stlth    ..........             (no amulet)
HPRegen  0.21/turn              u - ring of protection from cold
MPRegen  0.10/turn              (no ring)

@: very slow
A: retaliatory headbutt, horns 2
a: Berserk, Trog's Hand, Renounce Religion


You were in an ossuary.
You worshipped Trog.
Trog was most pleased with you.
You were not hungry.

You visited 1 branch of the dungeon, and saw 7 of its levels.
You also visited: Ossuary.

You collected 189 gold pieces.
You spent 90 gold pieces at shops.

Inventory:

Hand Weapons
 a - a +0 hand axe
 h - a +0 war axe
 l - a +4 hand axe (weapon)
 w - a +0 trident
Armour
 b - a +0 animal skin
 f - a +0 centaur barding
 j - a +0 plate armour (worn)
 m - a +0 buckler (worn)
Jewellery
 u - a ring of protection from cold (left hand)
Wands
 n - a wand of polymorph (24)
Scrolls
 p - a scroll of noise {unknown}
 s - 2 scrolls of remove curse {unknown}
 t - a scroll of teleportation
 x - a scroll of enchant armour {unknown}
Potions
 e - a potion of mutation {unknown}
 g - a potion of magic
 i - a potion of ambrosia
 k - a potion of heal wounds {unknown}
 o - 2 potions of curing
 q - a potion of lignification {unknown}
 v - a potion of agility {unknown}
Comestibles
 c - 7 rations
 d - 2 chunks of flesh


   Skills:
 - Level 3.9 Fighting
 + Level 11.4 Axes
 - Level 2.5 Armour
 - Level 2.3 Dodging


You had 7 spell levels left.
You didn't know any spells.
Your spell library was empty.

Dungeon Overview and Level Annotations

Branches:
Dungeon (7/15)
 Temple: D:4-7

Altars:
Zin


Innate Abilities, Weirdness & Mutations

You reflexively headbutt those who attack you in melee.
You have a pair of horns on your head.


Message History

You hit the bog mummy but do no damage. You hit the killer bee zombie.
You hit the mummy.
The killer bee zombie closely misses you.
The bog mummy splashes around in the water.
You slash the mummy!
You destroy the mummy!
Trog accepts your kill.
You hit the bog mummy.
Your shield and plate armour prevent you from hitting the killer bee zombie.
You hit the mummy. The killer bee zombie hits you.
* * * LOW HITPOINT WARNING * * *
The mummy splashes around in the water.
The killer bee zombie hits you but does no damage.
As you read the scroll of fear, it crumbles to dust.
You assume a fearsome visage.
The bog mummy is unaffected.
The mummy is unaffected.
The killer bee zombie is unaffected.
The mummy is unaffected. x2
The killer bee zombie hits you but does no damage.
The bog mummy hits you!
You die...

## ≈≈≈ ≈≈ ≈≈ ≈##
≈≈ #≈≈ ###≈ ≈≈
##.#. .#
##≈.≈.#+#M#≈#'#'
#P≈.M≈≈≈@ZM≈....
≈##≈##'##M##≈##.
#...#.# #.∩.###
#..∩# #####


You could see 3 mummies, a bog mummy and a killer bee zombie.

Vanquished Creatures
  Duvessa (D:5)
  An ice beast (D:5)
  Dowan (D:5)
  A howler monkey (D:6)
  2 crimson imps
  The ghost of GoodDemon3 the Ruffian, a weakling VSCK of Xom (D:3)
  A bullfrog zombie (Ossuary)
  4 centaur zombies (Ossuary)
  A hound (D:5)
  2 orc wizards (D:4)
  6 mummies (Ossuary)
  6 worker ants
  A worker ant zombie (Ossuary)
  6 gnolls
  An adder (D:4)
  2 oozes
  2 adder zombies
  An adder skeleton (D:4)
  A worm (D:6)
  3 dart slugs
  A leopard gecko (D:2)
  7 orcs
  4 giant cockroaches
  2 goblins (D:1)
  2 hobgoblins
  3 jackals (D:6)
  4 kobolds
  2 quokkas (D:4)
  A ball python (D:3)
  A ball python skeleton (D:6)
  3 bats
  A frilled lizard (D:1)
  A leopard gecko zombie (Ossuary)
  A quokka zombie (Ossuary)
  4 rats
81 creatures vanquished.

Notes
Turn   | Place    | Note
-------+----------+-------------------------------------------
     0 | D:1      | mdw9602 the Minotaur Berserker began the quest for the Orb.
     0 | D:1      | Reached XP level 1. HP: 19/19 MP: 0/0
   224 | D:1      | Reached XP level 2. HP: 27/27 MP: 1/1
   270 | D:1      | Reached skill level 4 in Axes
   648 | D:3      | Reached XP level 3. HP: 33/33 MP: 2/2
   664 | D:3      | Reached skill level 5 in Axes
   827 | D:3      | Reached ** piety under Trog
   877 | D:3      | Noticed GoodDemon3's ghost (weakling VSCK)
   894 | D:3      | Killed GoodDemon3's ghost
   894 | D:3      | Reached XP level 4. HP: 30/40 MP: 3/3
   898 | D:3      | Reached skill level 6 in Axes
  1182 | D:4      | Reached XP level 5. HP: 30/46 MP: 4/4
  1187 | D:4      | Reached skill level 7 in Axes
  1410 | D:5      | Entered Level 5 of the Dungeon
  1474 | D:5      | Reached skill level 8 in Axes
  1474 | D:5      | Reached XP level 6. HP: 44/52 MP: 5/5
  1597 | D:5      | Found Zin's Purification Station.
  1604 | D:5      | Found a glowing silver altar of Zin.
  1617 | D:5      | Bought a potion of curing for 90 gold pieces
  1639 | D:5      | Noticed Duvessa
  1640 | D:5      | Noticed Dowan
  1648 | D:5      | Killed Duvessa
  1655 | D:5      | Killed Dowan
  1655 | D:5      | Reached skill level 9 in Axes
  1686 | D:5      | Noticed an ice beast
  1697 | D:5      | Killed an ice beast
  1697 | D:5      | Reached XP level 7. HP: 58/58 MP: 6/6
  1840 | D:6      | Reached skill level 10 in Axes
  2013 | D:7      | Found a sand-covered staircase.
  2059 | D:7      | Reached *** piety under Trog
  2123 | Ossuary  | Entered an ossuary
  2146 | Ossuary  | Reached skill level 11 in Axes
  2168 | Ossuary  | Reached XP level 8. HP: 53/66 MP: 7/7
  2184 | Ossuary  | Slain by a bog mummy

Vault maps used:
D:1:      co_arrival_square_in_a_square_in_a_square
D:3:      first_ration, kennysheep_generic_room_11, uniq_crazy_yiuf_cottage
D:4:      serial_shops, shop
D:5:      zin_purify, uniq_duvessa, uniq_prince_ribbit1
D:7:      nicolae_whirlpool, minmay_temple_entry_butterflies,
          nicolae_ossuary_entry_false_entrances, kb_lookout_dungeons_type,
          the_bakery, minmay_crystal_water, roderic_lattice_a
Ossuary:  ossuary_zaba_flooded

Skill      XL: |  1  2  3  4  5  6  7 |
---------------+----------------------+-----
Axes           | 4 5 6 8 9 11 | 11.4
Fighting       | |  3.9
Armour         | |  2.5
Dodging        | |  2.3

Action                   |  1- 3 |  4- 6 |  7- 9 || total
-------------------------+-------+-------+-------++-------
Melee: Hand axe          |    60 |    90 |   104 ||   254
       Headbutt          |     8 |    10 |    32 ||    50
  Use: Scroll            |     4 |     4 |     2 ||    10
  Eat: Chunk             |       |     2 |     2 ||     4
Armor: Animal skin       |    10 |       |       ||    10
       Plate armour      |    16 |    54 |    33 ||   103
Dodge: Dodged            |    43 |    21 |    20 ||    84
Block: Buckler           |       |    12 |     9 ||    21

Table legend:
 A = Spawn XP
 B = Non-spawn XP
 C = Spawn XP percentage of total XP
 D = Spawn monster count
 E = Non-spawn monster count
 F = Spawn count percentage of total count
 G = Total turns spent on level
                    A         B        C        D         E        F      G
               +---------+---------+-------+---------+---------+-------+---------
         Total |       0 |    1488 |   0.0 |       0 |      81 |   0.0 |  2184
               +---------+---------+-------+---------+---------+-------+---------
           D:1 |       0 |      20 |   0.0 |       0 |      11 |   0.0 |   468
           D:2 |       0 |      18 |   0.0 |       0 |       7 |   0.0 |   150
           D:3 |       0 |     126 |   0.0 |       0 |      16 |   0.0 |   473
           D:4 |       0 |     133 |   0.0 |       0 |       9 |   0.0 |   319
           D:5 |       0 |     518 |   0.0 |       0 |      10 |   0.0 |   330
           D:6 |       0 |     179 |   0.0 |       0 |      11 |   0.0 |   249
           D:7 |       0 |      82 |   0.0 |       0 |       2 |   0.0 |   134
       Ossuary |       0 |     412 |   0.0 |       0 |      15 |   0.0 |    61
               +---------+---------+-------+---------+---------+-------+---------
